[ AOE2 MATCH · #474398331 ]
UnrankedHuns vs Byzantines
Player's team · LOSS
[ REPLAY ANALYSIS · EXTRACTED FROM THE RECORDED GAME ]
Feudal
—
Castle
—
Imperial
—
| APM avg | 24.1 |
| APM peak | 59 |
| eAPM avg | 6.9 |
| Villagers / military | 31 / 274 |
Focus
⚔️ 40.4% · 🌾 59.6%
Mangudai ×95 · Hussar ×72 · Steppe Lancer ×45 · Elite Mangudai ×45 · Unknown (592) ×19 · Coustillier ×10
Feudal
—
Castle
—
Imperial
—
| APM avg | 3.1 |
| APM peak | 60 |
| eAPM avg | 1.6 |
| Villagers / military | 13 / 0 |
Focus
⚔️ 0.0% · 🌾 100.0%
Fishing Ship ×2
Feudal
—
Castle
—
Imperial
—
| APM avg | 12.7 |
| APM peak | 31 |
| eAPM avg | 8.3 |
| Villagers / military | 29 / 62 |
Focus
⚔️ 48.5% · 🌾 51.5%
Longbowman ×35 · Unknown (1374) ×28 · Elite Serjeant ×16 · Battering Ram ×5 · Unknown (1892) ×5 · Serjeant ×3
Feudal
—
Castle
—
Imperial
—
| APM avg | 25.1 |
| APM peak | 57 |
| eAPM avg | 12.4 |
| Villagers / military | 38 / 586 |
Focus
⚔️ 42.4% · 🌾 57.6%
Elite Serjeant ×298 · Serjeant ×278 · Fishing Ship ×29 · Demolition Raft ×6 · Huskarl ×4
Feudal
—
Castle
—
Imperial
—
| APM avg | 12.9 |
| APM peak | 32 |
| eAPM avg | 8.9 |
| Villagers / military | 47 / 123 |
Focus
⚔️ 33.1% · 🌾 66.9%
Mangudai ×90 · Steppe Lancer ×21 · Serjeant ×11 · Unknown (629) ×6 · Fishing Ship ×2 · Spearman ×1
Feudal
—
Castle
—
Imperial
—
| APM avg | 11.4 |
| APM peak | 51 |
| eAPM avg | 6.8 |
| Villagers / military | 35 / 5 |
Focus
⚔️ 27.8% · 🌾 72.2%
Trade Cart ×21 · Fishing Ship ×13 · Unknown (1892) ×7 · Warrior Priest ×5 · Unknown (1268) ×1
Feudal
—
Castle
—
Imperial
—
| APM avg | 22.7 |
| APM peak | 41 |
| eAPM avg | 13.1 |
| Villagers / military | 84 / 311 |
Focus
⚔️ 42.5% · 🌾 57.5%
Serjeant ×190 · Skirmisher ×45 · Cataphract ×44 · Spearman ×15 · Battering Ram ×12 · Fishing Ship ×8
Feudal
—
Castle
—
Imperial
—
| APM avg | 20.1 |
| APM peak | 40 |
| eAPM avg | 6.0 |
| Villagers / military | 39 / 73 |
Focus
⚔️ 19.6% · 🌾 80.4%
Serjeant ×58 · Elite Serjeant ×11 · Fishing Ship ×5 · Transport Ship ×3 · Unknown (1892) ×1 · Warrior Priest ×1
Match map
Initial resources + every placement click. Lines = walls · curves = elevation contours. ◆ gold · ⬟ stone · ● berries · ✦ relic · ◌ wall gap
Your base· Open — opponent sealed themselves in
[PNC] PendragoN's base· ✓ Map-separated
J0ker1120's base· Open — 5t gap
16th street disciple's base· Open — 6t gap
Sir Mufffins's base· Open — 3t gap
Certitude's base· Open — opponent sealed themselves in
hexy's base· Open — unwalled flank
Siquoui (Rusty Tire)'s base· Open — 7t gap
Smoothed initial terrain · ◌ = detected wall gap · hover for details
Inputs per minute
— Crusader_Blade - - [PNC] PendragoN
Build order — Crusader_Blade
120 actions detected in the replay
| 1:16 | Create | Trade Cart |
| 15:38 | Build | Donjon |
| 15:59 | Create | Unit 592 |
| 15:59 | Create | Unit 592 |
| 16:15 | Create | Mangudai ×5 |
| 16:16 | Create | Mangudai ×5 |
| 16:16 | Create | Mangudai ×5 |
| 16:16 | Create | Mangudai ×5 |
| 16:16 | Create | Mangudai ×5 |
| 16:17 | Create | Mangudai ×5 |
| 16:17 | Create | Mangudai ×5 |
| 16:31 | Create | Villager (Male) ×5 |
| 16:32 | Create | Villager (Male) ×5 |
| 17:14 | Create | Unit 592 ×5 |
| 19:37 | Create | Coustillier ×5 |
| 19:39 | Create | Coustillier ×5 |
| 19:55 | Build | Dock |
| 22:06 | Build | Mule Cart |
| 22:11 | Build | Mule Cart |
| 22:12 | Build | Mule Cart |
| 22:13 | Build | Mule Cart |
| 22:13 | Build | Mule Cart |
| 22:13 | Build | Mule Cart |
| 22:15 | Build | Mule Cart |
| 22:23 | Create | Fire Galley |
| 22:30 | Build | Outpost |
| 23:27 | Build | Mule Cart |
| 23:34 | Research | Chain Mail Armor |
| 23:34 | Research | Iron Casting |
| 23:35 | Research | Bodkin Arrow |
| 23:35 | Research | Leather Archer Armor |
| 23:35 | Research | Chain Barding Armor |
| 25:41 | Build | Mule Cart |
| 25:44 | Build | Mule Cart |
| 25:47 | Build | Mule Cart |
| 25:50 | Build | Mule Cart |
| 28:33 | Build | Mule Cart |
| 28:33 | Build | Mule Cart |
| 28:33 | Build | Mule Cart |
| 28:34 | Build | Mule Cart |
| 28:34 | Build | Mule Cart |
| 28:35 | Build | Mule Cart |
| 28:35 | Build | Mule Cart |
| 28:35 | Build | Mule Cart |
| 28:35 | Build | Mule Cart |
| 28:36 | Build | Mule Cart |
| 28:36 | Build | Mule Cart |
| 28:36 | Build | Mule Cart |
| 28:37 | Build | Mule Cart |
| 28:37 | Build | Mule Cart |
| 28:38 | Build | Mule Cart |
| 28:38 | Build | Mule Cart |
| 28:38 | Build | Mule Cart |
| 28:39 | Build | Mule Cart |
| 28:39 | Build | Mule Cart |
| 31:09 | Create | Galley |
| 31:09 | Create | Galley |
| 31:09 | Create | Galley |
| 31:37 | Create | Hussar ×5 |
| 31:37 | Create | Hussar ×5 |
| 32:19 | Research | Tech 1188 |
| 32:24 | Create | Unit 592 ×5 |
| 32:24 | Create | Unit 592 ×5 |
| 32:59 | Research | Tech 1189 |
| 34:39 | Create | Mangudai ×5 |
| 34:39 | Create | Mangudai ×5 |
| 34:39 | Create | Mangudai ×5 |
| 34:40 | Create | Mangudai ×5 |
| 34:40 | Create | Mangudai ×5 |
| 34:40 | Create | Mangudai ×5 |
| 34:48 | Create | Mangudai ×5 |
| 34:49 | Create | Mangudai ×5 |
| 34:49 | Create | Mangudai ×5 |
| 34:49 | Create | Mangudai ×5 |
| 34:49 | Create | Mangudai ×5 |
| 35:12 | Create | Hussar ×5 |
| 35:12 | Create | Hussar ×5 |
| 37:51 | Create | Galley |
| 37:52 | Create | Galley |
| 37:52 | Create | Galley |
| 38:28 | Create | Steppe Lancer ×5 |
| 38:28 | Create | Steppe Lancer ×5 |
| 38:28 | Create | Steppe Lancer ×5 |
| 38:28 | Create | Steppe Lancer ×5 |
| 38:29 | Create | Steppe Lancer ×5 |
| 38:29 | Create | Steppe Lancer ×5 |
| 38:29 | Create | Steppe Lancer ×5 |
| 38:29 | Create | Steppe Lancer ×5 |
| 38:30 | Create | Steppe Lancer ×5 |
| 38:56 | Create | Villager (Male) ×5 |
| 38:56 | Create | Villager (Male) ×5 |
| 38:57 | Create | Villager (Male) ×5 |
| 40:46 | Create | Unit 592 |
| 40:47 | Create | Unit 592 |
| 42:46 | Create | Hussar ×5 |
| 42:46 | Create | Hussar ×5 |
| 42:47 | Create | Hussar ×5 |
| 42:47 | Create | Hussar ×5 |
| 42:47 | Create | Hussar ×5 |
| 42:51 | Create | Mangudai ×5 |
| 42:53 | Create | Hussar ×5 |
| 46:41 | Create | Hussar ×5 |
| 46:41 | Create | Hussar ×5 |
| 46:41 | Create | Hussar ×5 |
| 46:42 | Create | Hussar ×5 |
| 46:42 | Create | Hussar ×2 |
| 46:50 | Create | Elite Mangudai ×5 |
| 46:50 | Create | Elite Mangudai ×5 |
| 46:50 | Create | Elite Mangudai ×5 |
| 46:51 | Create | Elite Mangudai ×5 |
| 46:51 | Create | Elite Mangudai ×5 |
| 46:51 | Create | Elite Mangudai ×5 |
| 46:51 | Create | Elite Mangudai ×5 |
| 46:52 | Create | Elite Mangudai ×5 |
| 46:52 | Create | Elite Mangudai ×5 |
| 47:17 | Build | Mule Cart |
| 49:36 | Create | Villager (Male) ×4 |
| 51:08 | Research | Tech 1187 |
| 51:19 | Create | Villager (Male) |
| 51:19 | Create | Villager (Male) |
Build order — [PNC] PendragoN
11 actions detected in the replay
| 3:37 | Build | Watch Tower |
| 4:02 | Create | Villager (Male) ×5 |
| 4:18 | Create | Villager (Male) ×3 |
| 4:40 | Create | Fishing Ship ×2 |
| 6:23 | Build | Mining Camp |
| 8:16 | Build | Mining Camp |
| 8:28 | Create | Villager (Male) |
| 8:28 | Create | Villager (Male) |
| 8:28 | Create | Villager (Male) |
| 8:29 | Create | Villager (Male) |
| 8:29 | Create | Villager (Male) |
Build order — J0ker1120
First 150 of 166 actions detected
| 1:25 | Build | Outpost |
| 2:31 | Create | Villager (Male) ×5 |
| 2:32 | Create | Villager (Male) ×5 |
| 2:47 | Build | Donjon |
| 4:17 | Create | Unit 1892 |
| 4:18 | Create | Unit 1892 |
| 4:18 | Create | Unit 1892 |
| 4:18 | Create | Unit 1892 |
| 4:19 | Create | Unit 1892 |
| 4:24 | Create | Villager (Male) |
| 4:24 | Create | Villager (Male) |
| 4:25 | Create | Villager (Male) |
| 4:31 | Build | Outpost |
| 6:09 | Build | Mule Cart |
| 6:16 | Build | Outpost |
| 6:36 | Create | Villager (Male) |
| 7:51 | Build | Mule Cart |
| 8:24 | Create | Unit 1268 |
| 9:18 | Create | Villager (Male) |
| 9:19 | Create | Villager (Male) |
| 9:22 | Create | Villager (Male) |
| 9:35 | Create | Villager (Male) |
| 9:35 | Create | Villager (Male) |
| 9:36 | Create | Villager (Male) |
| 9:52 | Build | Outpost |
| 10:45 | Create | Elite Serjeant |
| 10:45 | Create | Elite Serjeant |
| 10:45 | Create | Elite Serjeant |
| 10:46 | Create | Elite Serjeant |
| 10:46 | Create | Elite Serjeant |
| 10:46 | Create | Elite Serjeant |
| 10:47 | Create | Elite Serjeant |
| 10:47 | Create | Elite Serjeant |
| 10:47 | Create | Elite Serjeant |
| 12:01 | Build | Outpost |
| 12:36 | Create | Unit 1374 |
| 12:37 | Create | Unit 1374 |
| 12:37 | Create | Unit 1374 |
| 12:53 | Create | Longbowman |
| 12:53 | Create | Longbowman |
| 12:53 | Create | Longbowman |
| 12:53 | Create | Longbowman |
| 12:54 | Create | Longbowman |
| 12:55 | Create | Longbowman |
| 12:55 | Create | Longbowman |
| 12:55 | Create | Longbowman |
| 12:56 | Create | Longbowman |
| 12:56 | Create | Longbowman |
| 13:35 | Build | Palisade Wall |
| 14:43 | Build | Building 788 |
| 15:42 | Research | Tech 1181 |
| 20:15 | Build | Outpost |
| 27:49 | Build | Building 788 |
| 28:01 | Build | Town Center |
| 29:42 | Research | Wheelbarrow |
| 29:43 | Research | Town Watch |
| 29:59 | Build | Castle |
| 30:35 | Build | Blacksmith |
| 30:43 | Build | Siege Workshop |
| 30:51 | Build | Archery Range |
| 30:58 | Research | Tech 1180 |
| 31:07 | Research | Iron Casting |
| 31:08 | Research | Chain Mail Armor |
| 31:08 | Research | Leather Archer Armor |
| 31:09 | Research | Bodkin Arrow |
| 32:16 | Build | Mining Camp |
| 32:36 | Build | Market |
| 33:09 | Build | Mining Camp |
| 33:32 | Build | Town Center |
| 34:33 | Build | Lumber Camp |
| 34:44 | Build | Mill |
| 35:06 | Build | University |
| 36:03 | Build | Mining Camp |
| 37:50 | Build | Farm |
| 37:51 | Build | Farm |
| 37:52 | Build | Farm |
| 37:53 | Build | Farm |
| 37:54 | Build | Farm |
| 37:58 | Build | Farm |
| 37:59 | Build | Farm |
| 38:00 | Build | Farm |
| 38:02 | Build | Farm |
| 39:33 | Research | Horse Collar |
| 39:35 | Create | Villager (Male) |
| 39:35 | Create | Villager (Male) |
| 39:49 | Build | House |
| 39:50 | Build | House |
| 39:50 | Build | House |
| 39:51 | Build | House |
| 39:51 | Build | House |
| 39:52 | Build | House |
| 40:01 | Build | House |
| 40:02 | Build | House |
| 40:02 | Build | House |
| 40:04 | Build | House |
| 40:05 | Build | House |
| 40:13 | Create | Villager (Male) |
| 40:14 | Create | Villager (Male) |
| 40:14 | Create | Villager (Male) |
| 41:12 | Build | Siege Workshop |
| 41:32 | Research | Tech 1241 |
| 41:38 | Research | Gold Mining |
| 43:07 | Create | Battering Ram |
| 43:08 | Create | Battering Ram |
| 43:08 | Create | Battering Ram |
| 43:08 | Create | Battering Ram |
| 43:09 | Create | Battering Ram |
| 43:20 | Build | Outpost |
| 43:53 | Research | Chain Barding Armor |
| 43:55 | Create | Longbowman |
| 43:56 | Create | Longbowman |
| 43:56 | Create | Longbowman |
| 43:56 | Create | Longbowman |
| 43:56 | Create | Longbowman |
| 43:57 | Create | Longbowman |
| 43:57 | Create | Longbowman |
| 43:57 | Create | Longbowman |
| 43:58 | Create | Longbowman |
| 44:26 | Build | Barracks |
| 44:38 | Build | Dock |
| 45:14 | Create | Serjeant |
| 45:14 | Create | Serjeant |
| 45:15 | Create | Serjeant |
| 45:20 | Build | Archery Range |
| 45:44 | Build | Farm |
| 46:00 | Create | Fishing Ship |
| 46:00 | Create | Fishing Ship |
| 46:08 | Build | Dock |
| 46:49 | Build | Stable |
| 47:14 | Research | Masonry |
| 47:15 | Research | Guard Tower (upgrade) |
| 47:30 | Create | Fire Galley |
| 47:31 | Create | Fire Galley |
| 47:31 | Create | Fire Galley |
| 48:46 | Create | Longbowman ×5 |
| 48:47 | Create | Longbowman ×5 |
| 48:51 | Create | Unit 1374 ×5 |
| 48:51 | Create | Unit 1374 ×2 |
| 49:30 | Create | Villager (Male) ×4 |
| 49:53 | Build | Archery Range |
| 49:56 | Build | Archery Range |
| 50:17 | Create | Unit 1374 ×5 |
| 50:17 | Create | Unit 1374 ×5 |
| 50:18 | Create | Unit 1374 ×5 |
| 50:39 | Build | Barracks |
| 51:02 | Build | Town Center |
| 51:35 | Build | Barracks |
| 51:45 | Build | Watch Tower |
| 51:49 | Build | Watch Tower |
| 52:03 | Create | Elite Serjeant |
Build order — 16th street disciple
First 150 of 273 actions detected
| 0:09 | Create | Villager (Male) |
| 0:09 | Create | Villager (Male) |
| 0:12 | Research | Wheelbarrow |
| 0:12 | Create | Villager (Male) |
| 0:13 | Create | Villager (Male) |
| 0:15 | Create | Villager (Male) |
| 0:32 | Create | Demolition Raft |
| 0:33 | Create | Demolition Raft |
| 0:37 | Create | Fishing Ship |
| 0:37 | Create | Fishing Ship |
| 0:37 | Create | Fishing Ship |
| 0:39 | Research | Gillnets |
| 0:54 | Build | Dock |
| 1:44 | Create | Villager (Male) |
| 2:34 | Create | Villager (Male) |
| 4:06 | Create | Huskarl ×2 |
| 4:06 | Create | Huskarl ×2 |
| 4:18 | Create | Villager (Male) |
| 4:19 | Create | Villager (Male) |
| 4:27 | Build | Farm |
| 4:31 | Build | Farm |
| 4:37 | Build | Farm |
| 4:42 | Create | Villager (Male) |
| 4:43 | Create | Villager (Male) |
| 6:21 | Create | Villager (Male) |
| 6:21 | Create | Villager (Male) |
| 6:22 | Create | Villager (Male) |
| 7:20 | Create | Villager (Male) |
| 7:20 | Create | Villager (Male) |
| 7:21 | Create | Villager (Male) |
| 7:26 | Create | Villager (Male) |
| 7:34 | Create | Demolition Raft |
| 7:35 | Create | Demolition Raft |
| 7:40 | Create | Fishing Ship ×5 |
| 7:46 | Research | Tech 906 |
| 7:48 | Create | Fishing Ship ×2 |
| 8:27 | Create | Villager (Male) |
| 8:29 | Create | Villager (Male) |
| 9:13 | Create | Fishing Ship |
| 9:14 | Create | Fishing Ship |
| 9:31 | Build | Dock |
| 9:34 | Create | Fishing Ship |
| 9:59 | Build | Barracks |
| 10:27 | Build | Barracks |
| 10:30 | Build | Barracks |
| 10:34 | Build | Barracks |
| 10:35 | Build | Barracks |
| 10:40 | Build | Barracks |
| 11:07 | Create | Demolition Raft |
| 11:13 | Create | Fishing Ship |
| 11:20 | Build | Farm |
| 11:28 | Build | Farm |
| 13:33 | Build | Barracks |
| 13:38 | Build | Siege Workshop |
| 13:50 | Create | Elite Serjeant ×5 |
| 13:50 | Create | Elite Serjeant ×5 |
| 13:51 | Create | Elite Serjeant ×5 |
| 13:51 | Create | Elite Serjeant ×5 |
| 13:51 | Create | Elite Serjeant ×5 |
| 13:51 | Create | Elite Serjeant ×5 |
| 13:52 | Create | Elite Serjeant ×5 |
| 13:54 | Create | Elite Serjeant ×5 |
| 13:54 | Create | Elite Serjeant ×5 |
| 13:55 | Create | Elite Serjeant ×5 |
| 13:58 | Create | Villager (Male) |
| 13:58 | Create | Villager (Male) |
| 13:58 | Create | Villager (Male) |
| 14:04 | Create | Fishing Ship |
| 14:09 | Create | Fishing Ship |
| 14:26 | Create | Fishing Ship |
| 14:47 | Create | Serjeant ×5 |
| 14:48 | Create | Serjeant ×5 |
| 14:48 | Create | Serjeant |
| 15:32 | Build | Farm |
| 15:38 | Build | Farm |
| 16:29 | Research | Gold Mining |
| 16:55 | Build | Farm |
| 16:56 | Build | Farm |
| 17:35 | Build | Dock |
| 17:38 | Create | Villager (Male) |
| 17:38 | Create | Villager (Male) |
| 17:38 | Create | Villager (Male) |
| 18:23 | Research | Double-Bit Axe |
| 19:48 | Build | Market |
| 19:58 | Create | Villager (Male) |
| 20:02 | Research | Hand Cart |
| 20:03 | Create | Villager (Male) |
| 20:47 | Build | Dock |
| 20:48 | Create | Demolition Raft |
| 20:54 | Create | Fishing Ship |
| 21:03 | Create | Villager (Male) |
| 21:06 | Create | Villager (Male) |
| 21:09 | Create | Fishing Ship |
| 21:20 | Create | Fishing Ship |
| 21:24 | Create | Fishing Ship |
| 21:42 | Create | Fishing Ship |
| 21:50 | Build | Dock |
| 21:55 | Create | Fishing Ship |
| 22:07 | Create | Villager (Male) |
| 22:40 | Create | Villager (Male) |
| 22:50 | Build | Dock |
| 23:28 | Create | Fishing Ship |
| 23:32 | Create | Fishing Ship |
| 23:51 | Create | Fishing Ship |
| 23:58 | Create | Fishing Ship |
| 24:02 | Create | Fishing Ship |
| 24:09 | Build | Dock |
| 24:54 | Create | Serjeant ×5 |
| 24:54 | Create | Serjeant ×5 |
| 24:54 | Create | Serjeant ×5 |
| 24:54 | Create | Serjeant ×5 |
| 24:55 | Create | Serjeant ×5 |
| 25:17 | Build | Farm |
| 26:38 | Create | Serjeant ×5 |
| 26:39 | Create | Serjeant ×5 |
| 26:39 | Create | Serjeant ×5 |
| 26:39 | Create | Serjeant ×5 |
| 26:40 | Create | Serjeant ×5 |
| 26:40 | Create | Serjeant ×5 |
| 26:40 | Create | Serjeant ×5 |
| 26:40 | Create | Serjeant ×5 |
| 27:36 | Research | Iron Casting |
| 27:37 | Research | Chain Mail Armor |
| 27:44 | Create | Elite Serjeant ×5 |
| 27:44 | Create | Elite Serjeant ×5 |
| 27:44 | Create | Elite Serjeant ×5 |
| 27:44 | Create | Elite Serjeant |
| 27:57 | Create | Fishing Ship |
| 28:35 | Create | Elite Serjeant ×5 |
| 28:35 | Create | Elite Serjeant ×5 |
| 29:21 | Create | Serjeant ×5 |
| 29:22 | Create | Serjeant ×5 |
| 29:22 | Create | Serjeant ×2 |
| 30:10 | Create | Serjeant ×5 |
| 30:11 | Create | Elite Serjeant ×5 |
| 30:11 | Create | Elite Serjeant ×5 |
| 30:11 | Create | Elite Serjeant ×5 |
| 30:12 | Create | Serjeant ×5 |
| 30:12 | Create | Serjeant ×5 |
| 30:16 | Create | Elite Serjeant ×5 |
| 30:17 | Create | Serjeant ×3 |
| 30:55 | Create | Elite Serjeant ×4 |
| 30:55 | Create | Elite Serjeant ×4 |
| 32:06 | Create | Elite Serjeant ×5 |
| 32:07 | Create | Serjeant ×5 |
| 32:07 | Create | Serjeant ×5 |
| 32:07 | Create | Elite Serjeant ×5 |
| 32:24 | Create | Elite Serjeant ×5 |
| 32:24 | Create | Serjeant ×5 |
| 32:25 | Create | Elite Serjeant ×5 |
Build order — Sir Mufffins
First 150 of 173 actions detected
| 0:50 | Create | Villager (Male) |
| 0:51 | Create | Villager (Male) |
| 0:51 | Create | Villager (Male) |
| 0:51 | Create | Villager (Male) |
| 1:00 | Build | Mule Cart |
| 1:10 | Build | Mule Cart |
| 1:26 | Create | Villager (Male) |
| 1:27 | Create | Villager (Male) |
| 2:15 | Create | Villager (Male) |
| 2:15 | Create | Villager (Male) |
| 2:56 | Create | Villager (Male) |
| 3:57 | Create | Villager (Male) |
| 3:58 | Create | Villager (Male) |
| 3:58 | Create | Villager (Male) |
| 3:58 | Create | Villager (Male) |
| 3:59 | Create | Villager (Male) |
| 3:59 | Create | Villager (Male) |
| 4:46 | Build | Mule Cart |
| 5:10 | Build | Donjon |
| 5:17 | Create | Villager (Male) |
| 5:17 | Create | Villager (Male) |
| 5:18 | Create | Villager (Male) |
| 5:18 | Create | Villager (Male) |
| 6:24 | Research | Tech 1181 |
| 8:05 | Create | Villager (Male) |
| 8:06 | Create | Villager (Male) |
| 8:06 | Create | Villager (Male) |
| 8:06 | Create | Villager (Male) |
| 8:07 | Create | Villager (Male) |
| 8:07 | Create | Villager (Male) |
| 8:40 | Research | Tech 1180 |
| 9:09 | Create | Villager (Male) |
| 9:10 | Create | Villager (Male) |
| 9:16 | Create | Spearman |
| 9:25 | Create | Unit 1892 |
| 9:29 | Research | Chain Barding Armor |
| 9:34 | Create | Serjeant |
| 9:39 | Create | Villager (Male) |
| 9:39 | Create | Villager (Male) |
| 9:40 | Create | Villager (Male) |
| 11:22 | Create | Villager (Male) |
| 11:22 | Create | Villager (Male) |
| 11:28 | Research | Iron Casting |
| 12:18 | Build | Dock |
| 12:32 | Research | Bodkin Arrow |
| 13:23 | Research | Gillnets |
| 13:27 | Research | Tech 906 |
| 13:29 | Create | Fishing Ship |
| 13:30 | Create | Fishing Ship |
| 14:43 | Research | Leather Archer Armor |
| 18:35 | Build | Building 788 |
| 18:36 | Build | Building 788 |
| 18:36 | Build | Building 788 |
| 18:36 | Build | Building 788 |
| 18:37 | Build | Building 788 |
| 19:15 | Build | Building 788 |
| 19:15 | Build | Building 788 |
| 20:07 | Create | Serjeant ×5 |
| 20:07 | Create | Serjeant ×5 |
| 22:25 | Create | Steppe Lancer ×3 |
| 22:25 | Create | Steppe Lancer ×3 |
| 25:00 | Build | Mule Cart |
| 25:00 | Build | Mule Cart |
| 26:00 | Build | Donjon |
| 26:16 | Create | Mangudai ×5 |
| 26:17 | Create | Mangudai ×5 |
| 26:17 | Create | Mangudai ×5 |
| 26:17 | Create | Mangudai ×5 |
| 27:27 | Create | Unit 629 |
| 27:27 | Create | Unit 629 |
| 27:31 | Create | Unit 629 |
| 27:31 | Create | Unit 629 |
| 28:53 | Create | Villager (Male) ×5 |
| 28:53 | Create | Villager (Male) ×5 |
| 29:08 | Create | Unit 629 |
| 29:08 | Create | Unit 629 |
| 29:20 | Build | Town Center |
| 29:30 | Build | Town Center |
| 31:00 | Build | Mining Camp |
| 31:22 | Build | Lumber Camp |
| 31:42 | Research | Gold Mining |
| 31:45 | Research | Double-Bit Axe |
| 32:12 | Build | Market |
| 32:21 | Research | Stone Mining |
| 32:34 | Build | Town Center |
| 32:53 | Build | Mill |
| 32:54 | Build | Farm |
| 32:55 | Build | Farm |
| 32:55 | Build | Farm |
| 32:56 | Build | Farm |
| 32:56 | Build | Farm |
| 32:56 | Build | Farm |
| 32:57 | Build | Farm |
| 32:57 | Build | Farm |
| 33:09 | Build | Farm |
| 33:10 | Build | Farm |
| 33:16 | Build | Farm |
| 33:31 | Research | Horse Collar |
| 34:16 | Build | Mining Camp |
| 34:33 | Create | Villager (Male) |
| 34:33 | Create | Villager (Male) |
| 34:46 | Build | Lumber Camp |
| 37:06 | Build | Castle |
| 37:17 | Build | University |
| 37:21 | Create | Villager (Male) |
| 37:22 | Research | Wheelbarrow |
| 37:29 | Research | Town Watch |
| 38:01 | Research | Heavy Plow |
| 38:20 | Create | Villager (Male) |
| 38:28 | Build | Farm |
| 38:30 | Build | Farm |
| 39:43 | Research | Bow Saw |
| 39:46 | Create | Villager (Male) |
| 40:23 | Build | Stone Wall |
| 40:26 | Build | Stone Wall |
| 40:59 | Build | Archery Range |
| 41:00 | Build | Archery Range |
| 41:00 | Build | Archery Range |
| 41:01 | Build | Archery Range |
| 41:03 | Build | Archery Range |
| 41:19 | Build | Blacksmith |
| 41:42 | Build | Gate |
| 42:07 | Create | Mangudai ×5 |
| 42:07 | Create | Mangudai ×5 |
| 42:32 | Create | Mangudai ×5 |
| 42:33 | Create | Mangudai ×5 |
| 42:33 | Create | Mangudai ×5 |
| 43:03 | Build | Mining Camp |
| 43:28 | Create | Mangudai ×5 |
| 43:28 | Create | Mangudai ×5 |
| 43:29 | Create | Mangudai ×5 |
| 43:29 | Create | Mangudai ×5 |
| 44:15 | Research | Hand Cart |
| 44:16 | Research | Town Patrol |
| 45:17 | Build | Mining Camp |
| 45:46 | Build | Archery Range |
| 45:47 | Build | Archery Range |
| 45:47 | Build | Archery Range |
| 45:48 | Build | Archery Range |
| 45:48 | Build | Archery Range |
| 45:49 | Build | Archery Range |
| 45:52 | Build | Stable |
| 45:52 | Build | Stable |
| 45:52 | Build | Stable |
| 45:53 | Build | Stable |
| 45:54 | Build | Stable |
| 46:38 | Build | Gate |
| 49:22 | Build | Archery Range |
| 49:22 | Build | Archery Range |
| 49:23 | Build | Archery Range |
Build order — Certitude
126 actions detected in the replay
| 0:23 | Create | Villager (Male) |
| 0:24 | Create | Villager (Male) |
| 0:24 | Create | Villager (Male) |
| 0:24 | Create | Villager (Male) |
| 0:25 | Create | Villager (Male) |
| 0:25 | Create | Villager (Male) |
| 0:25 | Create | Villager (Male) |
| 0:26 | Create | Villager (Male) |
| 0:26 | Create | Villager (Male) |
| 0:26 | Create | Villager (Male) |
| 0:27 | Create | Villager (Male) |
| 0:27 | Create | Villager (Male) |
| 0:27 | Create | Villager (Male) |
| 0:28 | Create | Villager (Male) |
| 5:28 | Build | Donjon |
| 5:52 | Create | Warrior Priest |
| 7:14 | Research | Tech 1181 |
| 7:15 | Research | Tech 1180 |
| 7:21 | Create | Unit 1892 |
| 7:21 | Create | Unit 1892 |
| 7:21 | Create | Unit 1892 |
| 7:35 | Build | Dock |
| 9:07 | Create | Fishing Ship |
| 9:07 | Create | Fishing Ship |
| 9:07 | Create | Fishing Ship |
| 9:08 | Create | Fishing Ship |
| 9:08 | Create | Fishing Ship |
| 9:08 | Create | Fishing Ship |
| 9:09 | Create | Fishing Ship |
| 9:09 | Create | Fishing Ship |
| 11:20 | Research | Leather Archer Armor |
| 11:31 | Create | Fishing Ship |
| 11:31 | Create | Fishing Ship |
| 11:32 | Create | Fishing Ship |
| 11:44 | Create | Villager (Male) |
| 13:46 | Create | Fishing Ship |
| 13:46 | Create | Fishing Ship |
| 13:56 | Create | Villager (Male) |
| 13:57 | Create | Villager (Male) |
| 13:57 | Create | Villager (Male) |
| 16:17 | Research | Gillnets |
| 16:37 | Create | Warrior Priest |
| 16:38 | Create | Warrior Priest |
| 16:43 | Create | Unit 1892 |
| 16:43 | Create | Unit 1892 |
| 16:43 | Create | Unit 1892 |
| 16:44 | Create | Unit 1892 |
| 17:47 | Research | Tech 906 |
| 19:11 | Create | Villager (Male) |
| 19:12 | Create | Villager (Male) |
| 19:35 | Research | Bodkin Arrow |
| 21:49 | Create | Unit 1268 |
| 23:08 | Research | Bodkin Arrow |
| 23:37 | Research | Chain Barding Armor |
| 24:41 | Create | Warrior Priest |
| 26:06 | Research | Chain Mail Armor |
| 26:21 | Create | Villager (Male) |
| 28:44 | Build | Palisade Wall |
| 28:46 | Build | Palisade Wall |
| 28:49 | Build | Palisade Wall |
| 28:51 | Build | Palisade Wall |
| 30:09 | Create | Villager (Male) |
| 30:10 | Create | Villager (Male) |
| 30:10 | Create | Villager (Male) |
| 30:10 | Create | Villager (Male) |
| 30:11 | Create | Villager (Male) |
| 30:45 | Build | Town Center |
| 31:52 | Build | Town Center |
| 33:16 | Research | Bodkin Arrow |
| 33:18 | Research | Chain Barding Armor |
| 33:40 | Research | Hand Cart |
| 33:41 | Research | Town Watch |
| 36:09 | Build | Town Center |
| 37:38 | Build | Lumber Camp |
| 39:30 | Build | House |
| 39:31 | Build | House |
| 39:32 | Build | House |
| 39:34 | Build | House |
| 39:36 | Build | House |
| 40:20 | Build | Monastery |
| 40:33 | Research | Town Patrol |
| 40:34 | Create | Villager (Male) |
| 40:35 | Create | Villager (Male) |
| 40:35 | Create | Villager (Male) |
| 40:35 | Create | Villager (Male) |
| 40:35 | Create | Villager (Male) |
| 43:11 | Build | Market |
| 43:33 | Research | Double-Bit Axe |
| 44:37 | Research | Coinage |
| 44:46 | Create | Trade Cart ×5 |
| 44:47 | Create | Trade Cart ×5 |
| 44:47 | Create | Trade Cart ×5 |
| 44:47 | Create | Trade Cart ×4 |
| 45:19 | Build | University |
| 46:54 | Research | Murder Holes |
| 46:55 | Research | Guard Tower (upgrade) |
| 46:56 | Research | Masonry |
| 46:57 | Research | Treadmill Crane |
| 47:12 | Build | Siege Workshop |
| 47:21 | Build | Barracks |
| 47:23 | Build | Barracks |
| 47:28 | Build | Archery Range |
| 47:38 | Build | Archery Range |
| 47:40 | Build | Archery Range |
| 47:49 | Build | Stable |
| 47:59 | Build | Stable |
| 48:32 | Build | Castle |
| 49:01 | Create | Warrior Priest |
| 49:21 | Create | Villager (Male) |
| 49:22 | Create | Villager (Male) |
| 49:22 | Create | Villager (Male) |
| 49:22 | Create | Villager (Male) |
| 49:39 | Build | Fish Trap |
| 49:40 | Build | Fish Trap |
| 49:41 | Build | Fish Trap |
| 49:43 | Build | Fish Trap |
| 49:44 | Build | Fish Trap |
| 50:18 | Build | Blacksmith |
| 50:37 | Research | Bow Saw |
| 50:48 | Research | Tech 1241 |
| 50:51 | Research | Heated Shot |
| 51:03 | Create | Trade Cart |
| 51:03 | Create | Trade Cart |
| 52:08 | Build | Fish Trap |
| 52:14 | Build | Fish Trap |
| 52:20 | Build | Fish Trap |
Build order — hexy
First 150 of 241 actions detected
| 0:17 | Create | Villager (Male) |
| 0:17 | Create | Villager (Male) |
| 0:17 | Create | Villager (Male) |
| 0:19 | Create | Villager (Male) |
| 0:19 | Create | Villager (Male) |
| 0:33 | Create | Villager (Male) |
| 0:34 | Create | Villager (Male) |
| 0:42 | Create | Demolition Raft |
| 0:46 | Create | Fishing Ship |
| 0:53 | Create | Fishing Ship |
| 1:49 | Create | Villager (Male) |
| 2:09 | Build | Lumber Camp |
| 2:48 | Create | Villager (Male) |
| 2:49 | Create | Villager (Male) |
| 3:23 | Create | Villager (Male) |
| 3:26 | Create | Demolition Raft |
| 3:33 | Create | Fishing Ship |
| 3:48 | Create | Villager (Male) ×2 |
| 3:48 | Create | Villager (Male) ×2 |
| 4:15 | Create | Villager (Male) |
| 4:53 | Create | Villager (Male) ×2 |
| 4:54 | Create | Villager (Male) ×2 |
| 5:02 | Create | Demolition Raft |
| 5:07 | Create | Fishing Ship |
| 5:22 | Create | Fishing Ship |
| 5:55 | Create | Villager (Male) ×4 |
| 5:55 | Create | Villager (Male) ×4 |
| 5:56 | Create | Villager (Male) ×4 |
| 6:14 | Build | Farm |
| 6:15 | Build | Farm |
| 6:40 | Create | Villager (Male) |
| 6:41 | Create | Villager (Male) |
| 6:42 | Create | Villager (Male) |
| 7:02 | Create | Villager (Male) |
| 7:06 | Create | Villager (Male) |
| 7:13 | Create | Demolition Raft |
| 7:20 | Create | Fishing Ship |
| 7:25 | Create | Fishing Ship |
| 7:32 | Create | Fishing Ship |
| 7:39 | Create | Villager (Male) ×2 |
| 7:39 | Create | Villager (Male) ×2 |
| 7:53 | Build | Lumber Camp |
| 8:30 | Research | Double-Bit Axe |
| 8:44 | Create | Villager (Male) |
| 8:48 | Create | Villager (Male) |
| 8:48 | Create | Villager (Male) |
| 8:57 | Build | Farm |
| 9:10 | Create | Villager (Male) |
| 9:38 | Create | Villager (Male) |
| 9:39 | Create | Villager (Male) |
| 9:39 | Create | Villager (Male) |
| 9:39 | Create | Villager (Male) |
| 9:57 | Build | Farm |
| 10:01 | Build | Farm |
| 10:04 | Create | Villager (Male) ×5 |
| 10:17 | Build | Barracks |
| 10:17 | Build | Barracks |
| 10:17 | Build | Barracks |
| 10:18 | Build | Barracks |
| 10:18 | Build | Barracks |
| 10:19 | Build | Barracks |
| 10:19 | Build | Barracks |
| 10:23 | Build | Archery Range |
| 10:24 | Build | Archery Range |
| 10:24 | Build | Archery Range |
| 10:24 | Build | Archery Range |
| 10:26 | Build | Archery Range |
| 10:27 | Build | Archery Range |
| 10:29 | Build | Archery Range |
| 10:39 | Research | Scale Mail Armor |
| 10:40 | Research | Forging |
| 10:45 | Create | Villager (Male) ×5 |
| 10:45 | Create | Villager (Male) ×5 |
| 10:52 | Research | Horse Collar |
| 10:53 | Research | Bow Saw |
| 10:55 | Build | Farm |
| 10:55 | Build | Farm |
| 10:56 | Build | Farm |
| 10:56 | Build | Farm |
| 11:46 | Research | Wheelbarrow |
| 11:56 | Research | Ballistics |
| 12:08 | Research | Tech 1180 |
| 12:15 | Research | Squires |
| 13:09 | Create | Villager (Male) ×5 |
| 13:12 | Create | Villager (Male) |
| 13:13 | Create | Villager (Male) |
| 13:32 | Build | Barracks |
| 13:39 | Create | Spearman ×5 |
| 13:39 | Create | Spearman ×5 |
| 13:42 | Create | Skirmisher ×5 |
| 13:42 | Create | Skirmisher ×5 |
| 13:43 | Create | Skirmisher ×5 |
| 14:14 | Build | Lumber Camp |
| 14:47 | Research | Chain Mail Armor |
| 15:35 | Research | Fletching |
| 15:37 | Research | Fletching |
| 15:42 | Build | Blacksmith |
| 15:50 | Build | Mining Camp |
| 15:53 | Create | Villager (Male) |
| 15:55 | Create | Demolition Raft |
| 15:58 | Research | Tech 906 |
| 16:01 | Research | Fletching |
| 16:15 | Build | Stone Wall |
| 16:22 | Build | Stone Wall |
| 16:47 | Build | Siege Workshop |
| 16:48 | Build | Siege Workshop |
| 16:53 | Research | Padded Archer Armor |
| 17:02 | Create | Villager (Male) |
| 18:11 | Research | Bodkin Arrow |
| 18:57 | Research | Tech 1188 |
| 19:20 | Create | Battering Ram |
| 19:20 | Create | Battering Ram |
| 19:20 | Create | Battering Ram |
| 21:15 | Research | Tech 1241 |
| 21:16 | Create | Battering Ram |
| 21:16 | Create | Battering Ram |
| 21:17 | Create | Battering Ram |
| 21:24 | Create | Spearman ×5 |
| 21:29 | Build | Barracks |
| 21:29 | Build | Barracks |
| 21:29 | Build | Barracks |
| 21:30 | Build | Barracks |
| 21:30 | Build | Barracks |
| 21:31 | Build | Barracks |
| 21:38 | Build | Archery Range |
| 21:39 | Build | Archery Range |
| 21:39 | Build | Archery Range |
| 21:57 | Create | Villager (Male) |
| 21:58 | Create | Villager (Male) |
| 22:02 | Create | Villager (Male) |
| 22:19 | Create | Battering Ram |
| 22:45 | Research | Gold Mining |
| 22:52 | Research | Tech 1187 |
| 23:03 | Create | Battering Ram |
| 23:35 | Create | Battering Ram |
| 23:35 | Create | Battering Ram |
| 23:52 | Build | Town Center |
| 24:28 | Build | Lumber Camp |
| 24:47 | Create | Battering Ram |
| 24:48 | Create | Battering Ram |
| 25:01 | Create | Skirmisher |
| 25:01 | Create | Skirmisher |
| 25:01 | Create | Skirmisher |
| 25:02 | Create | Skirmisher |
| 25:03 | Create | Skirmisher |
| 25:06 | Create | Skirmisher ×5 |
| 25:06 | Create | Skirmisher ×5 |
| 25:07 | Create | Skirmisher ×5 |
| 25:07 | Create | Skirmisher ×5 |
| 25:07 | Create | Skirmisher ×5 |
Build order — Siquoui (Rusty Tire)
84 actions detected in the replay
| 10:00 | Create | Warrior Priest |
| 19:43 | Create | Elite Serjeant |
| 19:44 | Create | Elite Serjeant |
| 19:44 | Create | Elite Serjeant |
| 19:45 | Create | Elite Serjeant |
| 19:45 | Create | Elite Serjeant |
| 19:45 | Create | Elite Serjeant |
| 19:46 | Create | Elite Serjeant |
| 19:46 | Create | Elite Serjeant |
| 19:47 | Create | Elite Serjeant |
| 19:47 | Create | Elite Serjeant |
| 19:47 | Create | Elite Serjeant |
| 21:13 | Create | Villager (Male) |
| 21:13 | Create | Villager (Male) |
| 21:14 | Create | Villager (Male) |
| 21:14 | Create | Villager (Male) |
| 21:14 | Create | Villager (Male) |
| 21:15 | Create | Villager (Male) |
| 21:15 | Create | Villager (Male) |
| 21:15 | Create | Villager (Male) |
| 21:16 | Create | Villager (Male) |
| 21:16 | Create | Villager (Male) |
| 22:49 | Build | Donjon |
| 23:29 | Build | Mule Cart |
| 23:30 | Build | Mule Cart |
| 23:31 | Build | Mule Cart |
| 23:32 | Build | Mule Cart |
| 23:33 | Build | Mule Cart |
| 24:53 | Create | Serjeant ×5 |
| 24:54 | Create | Serjeant ×5 |
| 24:54 | Create | Serjeant ×5 |
| 24:54 | Create | Serjeant ×5 |
| 24:55 | Create | Serjeant ×5 |
| 24:55 | Create | Serjeant ×5 |
| 24:55 | Create | Serjeant ×5 |
| 24:56 | Create | Serjeant ×5 |
| 24:56 | Create | Serjeant ×5 |
| 24:56 | Create | Serjeant ×5 |
| 24:57 | Create | Serjeant ×3 |
| 26:06 | Build | Dock |
| 28:03 | Create | Villager (Male) |
| 28:03 | Create | Villager (Male) |
| 28:03 | Create | Villager (Male) |
| 28:09 | Create | Unit 1892 |
| 28:41 | Create | Transport Ship |
| 28:44 | Create | Transport Ship |
| 28:46 | Create | Transport Ship |
| 30:20 | Build | Dock |
| 33:54 | Create | Villager (Male) |
| 33:56 | Create | Villager (Male) |
| 33:57 | Create | Villager (Male) |
| 36:07 | Create | Villager (Male) |
| 36:07 | Create | Villager (Male) |
| 36:07 | Create | Villager (Male) |
| 36:08 | Create | Villager (Male) |
| 36:08 | Create | Villager (Male) |
| 36:31 | Build | Donjon |
| 38:55 | Create | Villager (Male) |
| 38:56 | Create | Villager (Male) |
| 38:56 | Create | Villager (Male) |
| 41:32 | Build | Dock |
| 43:10 | Create | Fishing Ship |
| 43:13 | Create | Fishing Ship |
| 43:13 | Create | Fishing Ship |
| 43:13 | Create | Fishing Ship |
| 45:34 | Build | Dock |
| 46:22 | Create | Fishing Ship |
| 49:05 | Create | Serjeant ×5 |
| 49:17 | Create | Villager (Male) |
| 49:17 | Create | Villager (Male) |
| 49:17 | Create | Villager (Male) |
| 49:18 | Create | Villager (Male) |
| 49:18 | Create | Villager (Male) |
| 49:18 | Create | Villager (Male) |
| 49:19 | Create | Villager (Male) |
| 50:46 | Build | Mule Cart |
| 52:15 | Create | Villager (Male) |
| 52:37 | Create | Villager (Male) |
| 52:37 | Create | Villager (Male) |
| 52:37 | Create | Villager (Male) |
| 52:38 | Create | Villager (Male) |
| 52:38 | Create | Villager (Male) |
| 52:38 | Create | Villager (Male) |
| 52:39 | Create | Villager (Male) |
Match timeline
| 0:21 | Sir Mufffins · tribute_sent a jugador 1 |
| 0:21 | Sir Mufffins · tribute_sent a jugador 2 |
| 0:21 | Sir Mufffins · tribute_sent a jugador 3 |
| 0:21 | Sir Mufffins · tribute_sent a jugador 4 |
| 0:21 | Sir Mufffins · tribute_sent a jugador 6 |
| 0:21 | Sir Mufffins · tribute_sent a jugador 7 |
| 0:21 | Sir Mufffins · tribute_sent a jugador 8 |
| 0:25 | J0ker1120 · tribute_sent a jugador 1 |
| 0:25 | J0ker1120 · tribute_sent a jugador 2 |
| 0:25 | J0ker1120 · tribute_sent a jugador 4 |
| 0:25 | J0ker1120 · tribute_sent a jugador 5 |
| 0:25 | J0ker1120 · tribute_sent a jugador 6 |
| 0:25 | J0ker1120 · tribute_sent a jugador 7 |
| 0:25 | J0ker1120 · tribute_sent a jugador 8 |
| 0:54 | 16th street disciple · first_building Dock |
| 1:27 | hexy · first_market_sell 100 stone |
| 1:29 | hexy · first_market_buy 100 wood |
| 1:38 | Certitude · tribute_sent a jugador 1 |
| 1:38 | Certitude · tribute_sent a jugador 2 |
| 1:38 | Certitude · tribute_sent a jugador 3 |
| 1:38 | Certitude · tribute_sent a jugador 4 |
| 1:38 | Certitude · tribute_sent a jugador 5 |
| 1:38 | Certitude · tribute_sent a jugador 7 |
| 1:38 | Certitude · tribute_sent a jugador 8 |
| 2:47 | J0ker1120 · first_building Donjon |
| 3:02 | Crusader_Blade · tribute_sent a jugador 2 |
| 3:02 | Crusader_Blade · tribute_sent a jugador 3 |
| 3:02 | Crusader_Blade · tribute_sent a jugador 4 |
| 3:02 | Crusader_Blade · tribute_sent a jugador 5 |
| 3:02 | Crusader_Blade · tribute_sent a jugador 6 |
| 3:02 | Crusader_Blade · tribute_sent a jugador 7 |
| 3:02 | Crusader_Blade · tribute_sent a jugador 8 |
| 3:02 | Certitude · tribute_sent a jugador 1 |
| 3:02 | Certitude · tribute_sent a jugador 2 |
| 3:02 | Certitude · tribute_sent a jugador 3 |
| 3:02 | Certitude · tribute_sent a jugador 4 |
| 3:02 | Certitude · tribute_sent a jugador 5 |
| 3:02 | Certitude · tribute_sent a jugador 7 |
| 3:02 | Certitude · tribute_sent a jugador 8 |
| 3:10 | Siquoui (Rusty Tire) · tribute_sent a jugador 1 |
| 3:10 | Siquoui (Rusty Tire) · tribute_sent a jugador 2 |
| 3:10 | Siquoui (Rusty Tire) · tribute_sent a jugador 3 |
| 3:10 | Siquoui (Rusty Tire) · tribute_sent a jugador 4 |
| 3:10 | Siquoui (Rusty Tire) · tribute_sent a jugador 5 |
| 3:10 | Siquoui (Rusty Tire) · tribute_sent a jugador 6 |
| 3:10 | Siquoui (Rusty Tire) · tribute_sent a jugador 7 |
| 3:11 | Certitude · tribute_sent a jugador 1 |
| 3:11 | Certitude · tribute_sent a jugador 2 |
| 3:11 | Certitude · tribute_sent a jugador 3 |
| 3:11 | Certitude · tribute_sent a jugador 4 |
| 3:11 | Certitude · tribute_sent a jugador 5 |
| 3:11 | Certitude · tribute_sent a jugador 7 |
| 3:11 | Certitude · tribute_sent a jugador 8 |
| 5:10 | Sir Mufffins · first_building Donjon |
| 5:28 | Certitude · first_building Donjon |
| 6:45 | Certitude · tribute_sent a jugador 1 |
| 6:45 | Certitude · tribute_sent a jugador 2 |
| 6:45 | Certitude · tribute_sent a jugador 3 |
| 6:45 | Certitude · tribute_sent a jugador 4 |
| 6:45 | Certitude · tribute_sent a jugador 5 |
| 6:45 | Certitude · tribute_sent a jugador 7 |
| 6:45 | Certitude · tribute_sent a jugador 8 |
| 7:35 | Certitude · first_building Dock |
| 8:07 | 16th street disciple · tribute_sent a jugador 1 |
| 8:07 | 16th street disciple · tribute_sent a jugador 2 |
| 8:07 | 16th street disciple · tribute_sent a jugador 3 |
| 8:07 | 16th street disciple · tribute_sent a jugador 5 |
| 8:07 | 16th street disciple · tribute_sent a jugador 6 |
| 8:07 | 16th street disciple · tribute_sent a jugador 7 |
| 8:07 | 16th street disciple · tribute_sent a jugador 8 |
| 8:15 | J0ker1120 · tribute_sent a jugador 1 |
| 8:15 | J0ker1120 · tribute_sent a jugador 2 |
| 8:15 | J0ker1120 · tribute_sent a jugador 4 |
| 8:15 | J0ker1120 · tribute_sent a jugador 5 |
| 8:15 | J0ker1120 · tribute_sent a jugador 6 |
| 8:15 | J0ker1120 · tribute_sent a jugador 7 |
| 8:15 | J0ker1120 · tribute_sent a jugador 8 |
| 8:17 | 16th street disciple · tribute_sent a jugador 1 |
| 8:17 | 16th street disciple · tribute_sent a jugador 2 |
| 8:17 | 16th street disciple · tribute_sent a jugador 3 |
| 8:17 | 16th street disciple · tribute_sent a jugador 5 |
| 8:17 | 16th street disciple · tribute_sent a jugador 6 |
| 8:17 | 16th street disciple · tribute_sent a jugador 7 |
| 8:17 | 16th street disciple · tribute_sent a jugador 8 |
| 8:21 | 16th street disciple · tribute_sent a jugador 1 |
| 8:21 | 16th street disciple · tribute_sent a jugador 2 |
| 8:21 | 16th street disciple · tribute_sent a jugador 3 |
| 8:21 | 16th street disciple · tribute_sent a jugador 5 |
| 8:21 | 16th street disciple · tribute_sent a jugador 6 |
| 8:21 | 16th street disciple · tribute_sent a jugador 7 |
| 8:22 | 16th street disciple · tribute_sent a jugador 8 |
| 8:30 | Crusader_Blade · tribute_sent a jugador 2 |
| 8:30 | Crusader_Blade · tribute_sent a jugador 3 |
| 8:30 | Crusader_Blade · tribute_sent a jugador 4 |
| 8:30 | Crusader_Blade · tribute_sent a jugador 5 |
| 8:30 | Crusader_Blade · tribute_sent a jugador 6 |
| 8:30 | Crusader_Blade · tribute_sent a jugador 7 |
| 8:30 | Crusader_Blade · tribute_sent a jugador 8 |
| 8:32 | Certitude · tribute_sent a jugador 1 |
| 8:32 | Certitude · tribute_sent a jugador 2 |
| 8:32 | Certitude · tribute_sent a jugador 3 |
| 8:32 | Certitude · tribute_sent a jugador 4 |
| 8:32 | Certitude · tribute_sent a jugador 5 |
| 8:32 | Certitude · tribute_sent a jugador 7 |
| 8:32 | Certitude · tribute_sent a jugador 8 |
| 8:42 | Certitude · tribute_sent a jugador 1 |
| 8:42 | Certitude · tribute_sent a jugador 2 |
| 8:42 | Certitude · tribute_sent a jugador 3 |
| 8:42 | Certitude · tribute_sent a jugador 4 |
| 8:42 | Certitude · tribute_sent a jugador 5 |
| 8:42 | Certitude · tribute_sent a jugador 7 |
| 8:42 | Certitude · tribute_sent a jugador 8 |
| 8:45 | Siquoui (Rusty Tire) · tribute_sent a jugador 1 |
| 8:45 | Siquoui (Rusty Tire) · tribute_sent a jugador 2 |
| 8:45 | Siquoui (Rusty Tire) · tribute_sent a jugador 3 |
| 8:45 | Siquoui (Rusty Tire) · tribute_sent a jugador 4 |
| 8:45 | Siquoui (Rusty Tire) · tribute_sent a jugador 5 |
| 8:45 | Siquoui (Rusty Tire) · tribute_sent a jugador 6 |
| 8:45 | Siquoui (Rusty Tire) · tribute_sent a jugador 7 |
| 8:52 | 16th street disciple · tribute_sent a jugador 1 |
| 8:52 | 16th street disciple · tribute_sent a jugador 2 |
| 8:52 | 16th street disciple · tribute_sent a jugador 3 |
| 8:52 | 16th street disciple · tribute_sent a jugador 5 |
| 8:52 | 16th street disciple · tribute_sent a jugador 6 |
| 8:52 | 16th street disciple · tribute_sent a jugador 7 |
| 8:52 | 16th street disciple · tribute_sent a jugador 8 |
| 9:59 | 16th street disciple · first_building Barracks |
| 10:07 | Crusader_Blade · tribute_sent a jugador 2 |
| 10:07 | Crusader_Blade · tribute_sent a jugador 3 |
| 10:07 | Crusader_Blade · tribute_sent a jugador 4 |
| 10:07 | Crusader_Blade · tribute_sent a jugador 5 |
| 10:07 | Crusader_Blade · tribute_sent a jugador 6 |
| 10:07 | Crusader_Blade · tribute_sent a jugador 7 |
| 10:07 | Crusader_Blade · tribute_sent a jugador 8 |
| 10:17 | hexy · first_building Barracks |
| 10:23 | hexy · first_building Archery Range |
| 12:18 | Sir Mufffins · first_building Dock |
| 13:19 | Crusader_Blade · tribute_sent a jugador 2 |
| 13:19 | Crusader_Blade · tribute_sent a jugador 3 |
| 13:19 | Crusader_Blade · tribute_sent a jugador 4 |
| 13:19 | Crusader_Blade · tribute_sent a jugador 5 |
| 13:19 | Crusader_Blade · tribute_sent a jugador 6 |
| 13:19 | Crusader_Blade · tribute_sent a jugador 7 |
| 13:19 | Crusader_Blade · tribute_sent a jugador 8 |
| 13:35 | J0ker1120 · wall_segment Palisade Wall x7 |
| 13:38 | 16th street disciple · first_building Siege Workshop |
| 13:45 | [PNC] PendragoN · resign |
| 14:43 | J0ker1120 · wall_segment Unknown (788) x5 |
| 15:38 | Crusader_Blade · first_building Donjon |
| 16:15 | hexy · wall_segment Stone Wall x4 |
| 16:22 | hexy · wall_segment Stone Wall x5 |
| 16:47 | hexy · first_building Siege Workshop |
| 18:35 | Sir Mufffins · wall_segment Unknown (788) x1 |
| 18:36 | Sir Mufffins · wall_segment Unknown (788) x1 |
| 18:36 | Sir Mufffins · wall_segment Unknown (788) x1 |
| 18:36 | Sir Mufffins · wall_segment Unknown (788) x1 |
| 18:37 | Sir Mufffins · wall_segment Unknown (788) x2 |
| 19:15 | Sir Mufffins · wall_segment Unknown (788) x1 |
| 19:15 | Sir Mufffins · wall_segment Unknown (788) x2 |
| 19:55 | Crusader_Blade · first_building Dock |
| 22:49 | Siquoui (Rusty Tire) · first_building Donjon |
| 23:20 | hexy · tribute_sent a jugador 1 |
| 23:20 | hexy · tribute_sent a jugador 2 |
| 23:20 | hexy · tribute_sent a jugador 3 |
| 23:20 | hexy · tribute_sent a jugador 4 |
| 23:20 | hexy · tribute_sent a jugador 5 |
| 23:20 | hexy · tribute_sent a jugador 6 |
| 23:20 | hexy · tribute_sent a jugador 8 |
| 24:27 | Sir Mufffins · tribute_sent a jugador 1 |
| 24:27 | Sir Mufffins · tribute_sent a jugador 2 |
| 24:27 | Sir Mufffins · tribute_sent a jugador 3 |
| 24:27 | Sir Mufffins · tribute_sent a jugador 4 |
| 24:27 | Sir Mufffins · tribute_sent a jugador 6 |
| 24:27 | Sir Mufffins · tribute_sent a jugador 7 |
| 24:27 | Sir Mufffins · tribute_sent a jugador 8 |
| 25:01 | J0ker1120 · tribute_sent a jugador 1 |
| 25:01 | J0ker1120 · tribute_sent a jugador 2 |
| 25:01 | J0ker1120 · tribute_sent a jugador 4 |
| 25:01 | J0ker1120 · tribute_sent a jugador 5 |
| 25:01 | J0ker1120 · tribute_sent a jugador 6 |
| 25:01 | J0ker1120 · tribute_sent a jugador 7 |
| 25:01 | J0ker1120 · tribute_sent a jugador 8 |
| 26:06 | Siquoui (Rusty Tire) · first_building Dock |
| 27:49 | J0ker1120 · wall_segment Unknown (788) x3 |
| 28:44 | Certitude · wall_segment Palisade Wall x5 |
| 28:46 | Certitude · wall_segment Palisade Wall x5 |
| 28:49 | Certitude · wall_segment Palisade Wall x6 |
| 28:51 | Certitude · wall_segment Palisade Wall x4 |
| 29:23 | Crusader_Blade · tribute_sent a jugador 2 |
| 29:23 | Crusader_Blade · tribute_sent a jugador 3 |
| 29:23 | Crusader_Blade · tribute_sent a jugador 4 |
| 29:23 | Crusader_Blade · tribute_sent a jugador 5 |
| 29:23 | Crusader_Blade · tribute_sent a jugador 6 |
| 29:23 | Crusader_Blade · tribute_sent a jugador 7 |
| 29:23 | Crusader_Blade · tribute_sent a jugador 8 |
| 29:25 | J0ker1120 · tribute_sent a jugador 1 |
| 29:25 | J0ker1120 · tribute_sent a jugador 2 |
| 29:25 | J0ker1120 · tribute_sent a jugador 4 |
| 29:25 | J0ker1120 · tribute_sent a jugador 5 |
| 29:25 | J0ker1120 · tribute_sent a jugador 6 |
| 29:25 | J0ker1120 · tribute_sent a jugador 7 |
| 29:25 | J0ker1120 · tribute_sent a jugador 8 |
| 29:32 | J0ker1120 · tribute_sent a jugador 1 |
| 29:32 | J0ker1120 · tribute_sent a jugador 2 |
| 29:32 | J0ker1120 · tribute_sent a jugador 4 |
| 29:32 | J0ker1120 · tribute_sent a jugador 5 |
| 29:32 | J0ker1120 · tribute_sent a jugador 6 |
| 29:32 | J0ker1120 · tribute_sent a jugador 7 |
| 29:32 | J0ker1120 · tribute_sent a jugador 8 |
| 29:32 | 16th street disciple · first_market_buy 100 food |
| 29:43 | 16th street disciple · tribute_sent a jugador 1 |
| 29:43 | 16th street disciple · tribute_sent a jugador 2 |
| 29:43 | 16th street disciple · tribute_sent a jugador 3 |
| 29:43 | 16th street disciple · tribute_sent a jugador 5 |
| 29:43 | 16th street disciple · tribute_sent a jugador 6 |
| 29:43 | 16th street disciple · tribute_sent a jugador 7 |
| 29:43 | 16th street disciple · tribute_sent a jugador 8 |
| 29:59 | J0ker1120 · first_building Castle |
| 30:20 | Certitude · tribute_sent a jugador 1 |
| 30:20 | Certitude · tribute_sent a jugador 2 |
| 30:20 | Certitude · tribute_sent a jugador 3 |
| 30:20 | Certitude · tribute_sent a jugador 4 |
| 30:20 | Certitude · tribute_sent a jugador 5 |
| 30:20 | Certitude · tribute_sent a jugador 7 |
| 30:20 | Certitude · tribute_sent a jugador 8 |
| 30:27 | Sir Mufffins · tribute_sent a jugador 1 |
| 30:27 | Sir Mufffins · tribute_sent a jugador 2 |
| 30:27 | Sir Mufffins · tribute_sent a jugador 3 |
| 30:27 | Sir Mufffins · tribute_sent a jugador 4 |
| 30:27 | Sir Mufffins · tribute_sent a jugador 6 |
| 30:27 | Sir Mufffins · tribute_sent a jugador 7 |
| 30:27 | Sir Mufffins · tribute_sent a jugador 8 |
| 30:43 | J0ker1120 · first_building Siege Workshop |
| 30:51 | J0ker1120 · first_building Archery Range |
| 31:49 | Siquoui (Rusty Tire) · tribute_sent a jugador 1 |
| 31:49 | Siquoui (Rusty Tire) · tribute_sent a jugador 2 |
| 31:49 | Siquoui (Rusty Tire) · tribute_sent a jugador 3 |
| 31:49 | Siquoui (Rusty Tire) · tribute_sent a jugador 4 |
| 31:49 | Siquoui (Rusty Tire) · tribute_sent a jugador 5 |
| 31:49 | Siquoui (Rusty Tire) · tribute_sent a jugador 6 |
| 31:49 | Siquoui (Rusty Tire) · tribute_sent a jugador 7 |
| 32:03 | Siquoui (Rusty Tire) · tribute_sent a jugador 1 |
| 32:03 | Siquoui (Rusty Tire) · tribute_sent a jugador 2 |
| 32:03 | Siquoui (Rusty Tire) · tribute_sent a jugador 3 |
| 32:03 | Siquoui (Rusty Tire) · tribute_sent a jugador 4 |
| 32:03 | Siquoui (Rusty Tire) · tribute_sent a jugador 5 |
| 32:03 | Siquoui (Rusty Tire) · tribute_sent a jugador 6 |
| 32:03 | Siquoui (Rusty Tire) · tribute_sent a jugador 7 |
| 33:26 | Sir Mufffins · first_market_buy 100 food |
| 33:27 | J0ker1120 · first_market_buy 100 stone |
| 34:08 | Certitude · tribute_sent a jugador 1 |
| 34:08 | Certitude · tribute_sent a jugador 2 |
| 34:08 | Certitude · tribute_sent a jugador 3 |
| 34:08 | Certitude · tribute_sent a jugador 4 |
| 34:08 | Certitude · tribute_sent a jugador 5 |
| 34:08 | Certitude · tribute_sent a jugador 7 |
| 34:08 | Certitude · tribute_sent a jugador 8 |
| 34:09 | 16th street disciple · first_market_sell 500 wood |
| 35:21 | Sir Mufffins · tribute_sent a jugador 1 |
| 35:21 | Sir Mufffins · tribute_sent a jugador 2 |
| 35:21 | Sir Mufffins · tribute_sent a jugador 3 |
| 35:21 | Sir Mufffins · tribute_sent a jugador 4 |
| 35:21 | Sir Mufffins · tribute_sent a jugador 6 |
| 35:21 | Sir Mufffins · tribute_sent a jugador 7 |
| 35:21 | Sir Mufffins · tribute_sent a jugador 8 |
| 37:06 | Sir Mufffins · first_building Castle |
| 37:35 | Siquoui (Rusty Tire) · tribute_sent a jugador 1 |
| 37:35 | Siquoui (Rusty Tire) · tribute_sent a jugador 2 |
| 37:35 | Siquoui (Rusty Tire) · tribute_sent a jugador 3 |
| 37:35 | Siquoui (Rusty Tire) · tribute_sent a jugador 4 |
| 37:35 | Siquoui (Rusty Tire) · tribute_sent a jugador 5 |
| 37:35 | Siquoui (Rusty Tire) · tribute_sent a jugador 6 |
| 37:35 | Siquoui (Rusty Tire) · tribute_sent a jugador 7 |
| 37:53 | Siquoui (Rusty Tire) · tribute_sent a jugador 1 |
| 37:53 | Siquoui (Rusty Tire) · tribute_sent a jugador 2 |
| 37:53 | Siquoui (Rusty Tire) · tribute_sent a jugador 3 |
| 37:53 | Siquoui (Rusty Tire) · tribute_sent a jugador 4 |
| 37:53 | Siquoui (Rusty Tire) · tribute_sent a jugador 5 |
| 37:53 | Siquoui (Rusty Tire) · tribute_sent a jugador 6 |
| 37:53 | Siquoui (Rusty Tire) · tribute_sent a jugador 7 |
| 37:59 | Certitude · tribute_sent a jugador 1 |
| 37:59 | Certitude · tribute_sent a jugador 2 |
| 37:59 | Certitude · tribute_sent a jugador 3 |
| 37:59 | Certitude · tribute_sent a jugador 4 |
| 37:59 | Certitude · tribute_sent a jugador 5 |
| 37:59 | Certitude · tribute_sent a jugador 7 |
| 37:59 | Certitude · tribute_sent a jugador 8 |
| 40:20 | Certitude · first_building Monastery |
| 40:23 | Sir Mufffins · wall_segment Stone Wall x25 |
| 40:26 | Sir Mufffins · wall_segment Stone Wall x7 |
| 40:59 | Sir Mufffins · first_building Archery Range |
| 42:02 | Sir Mufffins · tribute_sent a jugador 1 |
| 42:02 | Sir Mufffins · tribute_sent a jugador 2 |
| 42:02 | Sir Mufffins · tribute_sent a jugador 3 |
| 42:02 | Sir Mufffins · tribute_sent a jugador 4 |
| 42:02 | Sir Mufffins · tribute_sent a jugador 6 |
| 42:02 | Sir Mufffins · tribute_sent a jugador 7 |
| 42:02 | Sir Mufffins · tribute_sent a jugador 8 |
| 42:13 | Certitude · tribute_sent a jugador 1 |
| 42:13 | Certitude · tribute_sent a jugador 2 |
| 42:13 | Certitude · tribute_sent a jugador 3 |
| 42:13 | Certitude · tribute_sent a jugador 4 |
| 42:13 | Certitude · tribute_sent a jugador 5 |
| 42:13 | Certitude · tribute_sent a jugador 7 |
| 42:13 | Certitude · tribute_sent a jugador 8 |
| 42:41 | J0ker1120 · tribute_sent a jugador 1 |
| 42:41 | J0ker1120 · tribute_sent a jugador 2 |
| 42:41 | J0ker1120 · tribute_sent a jugador 4 |
| 42:41 | J0ker1120 · tribute_sent a jugador 5 |
| 42:42 | J0ker1120 · tribute_sent a jugador 6 |
| 42:42 | J0ker1120 · tribute_sent a jugador 7 |
| 42:42 | J0ker1120 · tribute_sent a jugador 8 |
| 44:00 | Certitude · tribute_sent a jugador 1 |
| 44:00 | Certitude · tribute_sent a jugador 2 |
| 44:00 | Certitude · tribute_sent a jugador 3 |
| 44:00 | Certitude · tribute_sent a jugador 4 |
| 44:00 | Certitude · tribute_sent a jugador 5 |
| 44:00 | Certitude · tribute_sent a jugador 7 |
| 44:00 | Certitude · tribute_sent a jugador 8 |
| 44:15 | 16th street disciple · tribute_sent a jugador 1 |
| 44:15 | 16th street disciple · tribute_sent a jugador 2 |
| 44:15 | 16th street disciple · tribute_sent a jugador 3 |
| 44:15 | 16th street disciple · tribute_sent a jugador 5 |
| 44:15 | 16th street disciple · tribute_sent a jugador 6 |
| 44:15 | 16th street disciple · tribute_sent a jugador 7 |
| 44:15 | 16th street disciple · tribute_sent a jugador 8 |
| 44:26 | Crusader_Blade · tribute_sent a jugador 2 |
| 44:26 | Crusader_Blade · tribute_sent a jugador 3 |
| 44:26 | Crusader_Blade · tribute_sent a jugador 4 |
| 44:26 | Crusader_Blade · tribute_sent a jugador 5 |
| 44:26 | Crusader_Blade · tribute_sent a jugador 6 |
| 44:26 | Crusader_Blade · tribute_sent a jugador 7 |
| 44:26 | Crusader_Blade · tribute_sent a jugador 8 |
| 44:26 | J0ker1120 · first_building Barracks |
| 44:38 | J0ker1120 · first_building Dock |
| 45:52 | Sir Mufffins · first_building Stable |
| 45:58 | Certitude · first_market_buy 100 stone |
| 46:49 | J0ker1120 · first_building Stable |
| 47:12 | Certitude · first_building Siege Workshop |
| 47:21 | Certitude · first_building Barracks |
| 47:28 | Certitude · first_building Archery Range |
| 47:49 | Certitude · first_building Stable |
| 48:32 | Certitude · first_building Castle |
[ AI ANALYSIS · 1 CREDIT ]
What really happened in this match?
Wolo.gg analyzes every decision: build order, eco, micro, common mistakes by bracket. Personalized analysis on WhatsApp or Discord in 30 seconds.
Civ guide
Huns
Map guide
Fall of the Eagles V1,0 (1) (Scenario)
Perfil
Jugador #3422253